 Dungeon Crawl Stone Soup version 0.28-a0-1087-gf3fc490d9d (webtiles) character file.

Game seed: 2536647642179269503

21186 spiderkeys the Destroyer (level 12, -3/67 HPs)
             Began as a Deep Elf Abyssal Knight on Dec 11, 2021.
             Was an Elder of Lugonu.
             Shot with an arrow by Nessos (17 damage)
             ... on level 4 of the Lair of Beasts.
             The game lasted 00:52:49 (16075 turns).

spiderkeys the Destroyer (Deep Elf Abyssal Knight) Turns: 16075, Time: 00:52:50

Health: -3/67      AC: 11    Str: 10    XL:     12   Next: 52%
Magic:  37/37      EV: 19    Int: 21    God:    Lugonu [****..]
Gold:   622        SH:  0    Dex: 15    Spells: 10/31 levels left

rFire   + . .      SeeInvis +   V - staff of conjuration {!a}
rCold   . . .      Faith    .   (no shield)
rNeg    . . .      Spirit   .   z - +1 leather armour of Feasting {SInv}
rPois   .          Reflect  .   n - +0 hat
rElec   .          Harm     .   j - +2 cloak {rF+}
rCorr   .          Rampage  .   b - +2 pair of gloves
Will    +....                   B - +0 pair of boots
Stlth   +.........              o - amulet of magic regeneration
HPRegen 0.21/turn               W - ring of magical power
MPRegen 0.65/turn               E - +4 ring of evasion

@: lethally poisoned (-3 -> -36)
A: no striking features
a: Renounce Religion, Depart the Abyss, Bend Space, Banish, Corrupt


You were on level 4 of the Lair of Beasts.
You worshipped Lugonu.
Lugonu was greatly pleased with you.
You visited 2 branches of the dungeon, and saw 13 of its levels.
You visited the Abyss 1 time.
You also visited: Ossuary and Volcano.

You collected 732 gold pieces.
You spent 110 gold pieces at shops.


   Skills:
 * Level 4.3 Fighting
 - Level 2.6 Short Blades
 - Level 0.7 Armour
 + Level 8.8 Dodging
 - Level 10.0 Spellcasting
 + Level 12.4 Conjurations
 - Level 4.0 Hexes
 + Level 12.4 Fire Magic
 - Level 8.0 Invocations


You had 10 spell levels left.
You knew the following spells:

 Your Spells              Type           Power      Damage    Failure   Level
b - Fireball              Conj/Fire      38%        3d16      1%          5
c - Conjure Flame         Conj/Fire      76%        6-21      1%          3
f - Foxfire               Conj/Fire      100%       2x1d9     1%          1
m - Mephitic Cloud        Conj/Pois/Air  41%        N/A       4%          3
s - Slow                  Hex            100%       N/A       1%          1
x - Iskenderun's Mystic   Conj/Tloc      53%        2d11      7%          4
X - Flame Wave            Conj/Fire      76%        2d11      1%          4

Your spell library contained the following spells:

 Spells                   Type           Power      Damage    Failure   Level
 Magic Dart               Conj           100%       1d8       1%          1
 Dazzling Flash           Conj/Hex       100%       N/A       1%          3
 Inner Flame              Hex/Fire       44%        N/A       1%          3
 Sticky Flame             Conj/Fire      76%        2d9       1%          4
 Confusing Touch          Hex            27%        N/A       4%          3
 Ignite Poison            Fire/Tmut/Pois 27%        N/A       4%          3
 Starburst                Conj/Fire      38%        6d11      9%          6
 Call Imp                 Summ           10%        N/A       13%         2
 Gell's Gravitas          Tloc           10%        N/A       26%         3
 Lesser Beckoning         Tloc           10%        N/A       26%         3
 Teleport Other           Tloc           10%        N/A       26%         3
 Yara's Violent Unravell  Hex/Tmut       9%         3d6       71%         5
 Ignition                 Fire           29%        3d9       98%         8

Inventory:

Hand Weapons
 I - a +3 dagger of freezing
   (You took it off a wight on level 7 of the Dungeon)
Missiles
 g - 11 boomerangs
 k - 235 arrows
 r - 62 poisoned darts
 w - 5 javelins
 X - a curare-tipped dart {=f}
Armour
 b - a +2 pair of gloves (worn)
   (You found it on level 5 of the Dungeon)
 j - a +2 cloak of fire resistance (worn)
   (You found it in a volcano)
 n - a +0 hat (worn)
   (You found it on level 3 of the Dungeon)
 z - the +1 leather armour of Feasting (worn) {SInv}
   (You took it off a gnoll on level 4 of the Dungeon)

   SInv:      It lets you see invisible.
 B - a +0 pair of boots (worn)
   (You found it on level 7 of the Dungeon)
 G - a +2 leather armour of cold resistance
   (You took it off Eustachio on level 6 of the Dungeon)
Magical Staves
 V - a staff of conjuration (weapon) {!a}
   (You found it on level 9 of the Dungeon)
Jewellery
 o - an amulet of magic regeneration (around neck)
   (You found it on level 3 of the Dungeon)
 v - a ring of see invisible
   (You found it on level 8 of the Dungeon)
 E - a +4 ring of evasion (right hand)
   (You found it on level 7 of the Dungeon)
 W - a ring of magical power (left hand)
   (You found it on level 1 of the Dungeon)
Wands
 a - a wand of iceblast (3)
   (You found it on level 4 of the Lair of Beasts)
 i - a wand of digging (5)
   (You found it on level 3 of the Lair of Beasts)
 x - a wand of mindburst (7)
   (You found it on level 4 of the Dungeon)
 F - a wand of acid (8)
   (You found it on level 2 of the Lair of Beasts)
 H - a wand of paralysis (11)
   (You found it on level 7 of the Dungeon)
 O - a wand of polymorph (12)
   (You found it on level 6 of the Dungeon)
 T - a wand of flame (38)
   (You found it on level 8 of the Dungeon)
Scrolls
 u - 2 scrolls of immolation {!r!r}
 y - 3 scrolls of amnesia
 K - a scroll of torment {!r}
 N - a scroll of holy word
 Q - 3 scrolls of teleportation {@r4}
 R - 2 scrolls of fear
 S - a scroll of blinking {!r}
 U - a scroll of fog
 Y - a scroll of noise {!r}
Potions
 e - a potion of magic {unknown}
 f - 6 potions of curing {@q1}
 h - 4 potions of flight
 l - a potion of heal wounds {@q2}
 p - 2 potions of haste {unknown}
 q - a potion of might {unknown}
 t - 2 potions of mutation {unknown}
 A - a potion of berserk rage {unknown}
 D - 4 potions of degeneration {unknown}
 J - a potion of invisibility {unknown}
 L - 3 potions of brilliance {unknown}
 M - a potion of cancellation {unknown}
 P - 3 potions of lignification {unknown}
 Z - a potion of ambrosia {unknown}
Miscellaneous
 c - a condenser vane
   (You found it on level 2 of the Abyss)

Dungeon Overview and Level Annotations

Branches:
Dungeon (9/15)             Temple (0/1) D:5            Lair (4/6) D:9
    Orc (0/2) D:9         Ossuary (visited)         Volcano (visited)
  Swamp: Lair:2-4    Shoals: Lair:2-4     Snake: Lair:2-4    Spider: Lair:2-4

Altars:
Ru

Shops:
D:1 *   D:2 [?   D:5 !

Annotations:
D:5 1 runed translucent door, exclusion: 2 doors, Crazy Yiuf
Lair:4 Nessos
Abyss:1 Nergalle

................
..................
................
...............
.............# ...
.........#.P##....
..........<.......
.............P#...
#.....)@.........
#...c.โ€
...####...
#ยง......### ..
#.....F.. .
#.........
#..........
#...........
#..F.........


You could see Nessos (fast) and 2 blink frogs.


Message History

The foxfire hits the water moccasin but does no damage.
The water moccasin bites you but does no damage. ๐Ÿ˜Ž MP[-1]
You lost 1 mp, and now have 36/37 mp.
Casting: Foxfire (safe; 1% risk of failure)
Confirm with . or Enter, or press ? or * to list all spells.
You feel a surge of power!
You conjure some foxfire!
The foxfire hits the water moccasin. x2; The water moccasin barely misses you.
The water moccasin bites you but does no damage.
Casting: Foxfire (safe; 1% risk of failure)
Confirm with . or Enter, or press ? or * to list all spells.
You feel a surge of power!
You conjure some foxfire!
The foxfire hits the water moccasin. x2; The water moccasin misses you.
Casting: Foxfire (safe; 1% risk of failure)
Confirm with . or Enter, or press ? or * to list all spells.
You feel a surge of power!
You conjure some foxfire!
The foxfire hits the water moccasin!
You kill the water moccasin!
Lugonu accepts your kill. ๐Ÿ˜Ž HP[+1] MP[-1]
You now have 67 max hp (+1).
Your hp is fully restored (67).
You lost 1 mp, and now have 35/37 mp.
a - a wand of iceblast (3) ๐Ÿ˜Ž MP[+1]
Aiming: Paralyse
Press: ? - help, Shift-Dir - straight line, f - Nessos
Aim: Nessos, wearing a +0 barding and quivering arrows (wisps of flame, unaware, hasn't noticed you, chance to affect: 46%) Nessos shouts!
Nessos resists with some effort.
Nessos casts a spell.
Nessos seems to speed up.
Nessos wields a +1 longbow of flaming.
It bursts into flame!
Nessos shoots an arrow.
The arrow hits you! The arrow burns you.
You are poisoned. ๐Ÿ˜• HP[-9] MP[+1]
You take 9 damage, and now have 58/67 hp.
Your mp is fully restored (37).
Aiming: Paralyse
Press: ? - help, Shift-Dir - straight line, f/p - Nessos
Aim: Nessos, wielding a +1 longbow of flaming, wearing a +0 barding and quivering arrows (fast, chance to affect: 46%) Nessos resists with some effort.
You feel sick.
Nessos mumbles some strange words.
Nessos blinks!
Nessos shoots an arrow.
The arrow hits you!
You hear a croak. ๐Ÿ˜ฎ HP[-16]
You take 16 damage, and now have 42/67 hp.
MASSIVE DAMAGE!! (PAUSE)
Aiming: Paralyse
Press: ? - help, Shift-Dir - straight line, f/p - Nessos
Aim: Nessos, wielding a +1 longbow of flaming, wearing a +0 barding and quivering arrows (fast, chance to affect: 46%) Nessos resists with some effort.
You feel sick.
Nessos shoots an arrow.
The arrow hits you!!
* * * LOW HITPOINT WARNING * * *
The arrow burns you.
You are lethally poisoned!
* * * LOW HITPOINT WARNING * * *
A blink frog comes into view. ๐Ÿ˜ฑ HP[-27]
You take 27 damage, and now have 15/67 hp.
MASSIVE DAMAGE!! (PAUSE)
You feel much better.
You feel very sick.
Nessos shoots an arrow.
The arrow misses you.
The arrow completely misses the fungus.
Nessos casts a spell.
Nessos blinks! ๐Ÿ˜ฎ HP[+23]
You regained 23 hp, and now have 38/67 hp.
You feel better.
Nessos shoots an arrow.
The arrow hits you.
Nessos shoots an arrow.
The arrow hits you!
* * * LOW HITPOINT WARNING * * *
You are poisoned.
Nessos gestures wildly while chanting.
Nessos blinks! ๐Ÿ˜จ HP[-9]
You take 9 damage, and now have 29/67 hp.
Aiming: Polymorph
Press: ? - help, Shift-Dir - straight line, f/p - Nessos
Aim: Nessos, wielding a +1 longbow of flaming, wearing a +0 barding and quivering arrows (fast, will become a moth of wrath, a floating eye, or a fire crab, chance to affect: 46%)
Okay, then.
Aiming: Paralyse
Press: ? - help, Shift-Dir - straight line, f/p - Nessos
Aim: Nessos, wielding a +1 longbow of flaming, wearing a +0 barding and quivering arrows (fast, chance to affect: 46%) Nessos resists with some effort.
You feel very sick.
Nessos shoots an arrow.
The arrow hits you!!
* * * LOW HITPOINT WARNING * * *
The arrow burns you.
You are lethally poisoned!
* * * LOW HITPOINT WARNING * * *
A blink frog comes into view. ๐Ÿ˜ฑ HP[-23]
You take 23 damage, and now have 6/67 hp.
MASSIVE DAMAGE!! (PAUSE)
You feel much better.
* * * LOW HITPOINT WARNING * * *
You feel extremely sick.
Nessos stands on their hind legs for a moment.
Nessos shoots an arrow.
The arrow hits you!
You die...

Skill      XL: |  1  2  3  4  5  6  7  8  9 10 11 12 |
---------------+-------------------------------------+-----
Dodging        | 3 4 5 7 8 |  8.8
Spellcasting   | 1 2 3 4 7 8 10 | 10.0
Hexes          | 1 2 3 4 |  4.0
Fire Magic     | 1 2 3 4 6 7 8 11 12 | 12.4
Conjurations   | 2 3 4 5 7 10 12 | 12.4
Invocations    | 5 7 8 |  8.0
Fighting       | 4 |  4.3
Short Blades   | |  2.6
Armour         | |  0.7

Action                   |  1- 3 |  4- 6 |  7- 9 | 10-12 || total
-------------------------+-------+-------+-------+-------++-------
Melee: Short sword       |   140 |     3 |       |       ||   143
       Rapier            |       |    18 |    17 |       ||    35
       Dagger            |       |       |     6 |     9 ||    15
       Unarmed           |       |       |    11 |       ||    11
       Staff             |       |       |       |    28 ||    28
Throw: Boomerang         |       |       |       |     1 ||     1
 Cast: Foxfire           |    17 |   141 |   288 |    53 ||   499
       Slow              |       |     9 |     7 |       ||    16
       Flame Wave        |       |       |     8 |     6 ||    14
       Fireball          |       |       |    11 |    60 ||    71
       Iskenderun's Myst |       |       |       |    80 ||    80
       Mephitic Cloud    |       |       |       |     4 ||     4
Invok: Depart the Abyss  |     1 |       |       |       ||     1
       Bend Space        |       |       |     5 |     8 ||    13
       Banish            |       |       |       |    10 ||    10
Evoke: Wand              |       |     1 |       |     4 ||     5
       Condenser vane    |       |       |     1 |     1 ||     2
  Use: Scroll            |     2 |     2 |     2 |    10 ||    16
       Potion            |       |       |     1 |     5 ||     6
 Stab: Sleeping          |     3 |       |       |       ||     3
       Confused          |       |       |       |     1 ||     1
Armor: Leather armour    |    30 |    19 |    52 |    25 ||   126
Dodge: Dodged            |    71 |    52 |   119 |   115 ||   357

Levels and vault maps discovered:
D:1:      elethiomel_arrival_infinity_welcomes_careful_drivers,
          layout_loops_corners, serial_shops,
          nicolae_shop_temple_entry_statues_fountains, minivault_27
D:2:      layout_loops_corners, serial_shops, shop, shop, serial_park_tiny_2
D:3:      layout_loops_ring
D:4:      layout_rooms, grunt_decor_cap, serial_park_tiny_pond, minivault_26
D:5:      minmay_goblin_kobold_castle, layout_loops_cross,
          nicolae_ru_awakened_eye, minmay_temple_entry_butterflies,
          serial_shops, shop, st_stairs_6, chequers_serial_rivers_micro_a,
          serial_park_tiny_2, grunt_ministairs_14, feat_on_display,
          uniq_crazy_yiuf_cottage
D:6:      layout_cave_pools, uniq_eustachio
D:7:      layout_cave_pools, nicolae_ossuary_entry_giza, lemuel_flame_loot_1
D:8:      layout_gridville, nicolae_figureground_sparkle
D:9:      layout_loops_cross, lair_entry_dummy, orc_0_dummy, minivault_25
Lair:1:   layout_gridlike, nicolae_volcano_entry_hallway, minivault_24,
          chequers_serial_rivers_marsh, infiniplex_staircase_pool_2
Lair:2:   layout_roguey, grunt_forest_small_clearings
Lair:3:   layout_loops_ring, gammafunk_ghost_grave, st_stairs_10, uniq_nergalle
Lair:4:   gammafunk_boulding_lane, layout_regular_city, minmay_shoals_entry_hut,
          spider_nest_entry_rubble, uniq_nessos

Notes
Turn   | Place    | Note
-------+----------+-------------------------------------------
     0 | Abyss:1  | spiderkeys the Deep Elf Abyssal Knight began the quest for
                  | the Orb.
     0 | Abyss:1  | Reached XP level 1. HP: 13/13 MP: 4/4
     0 | Abyss:1  | magus.rc [v1.9.10]
    78 | Abyss:2  | Noticed a starcursed mass
    83 | D:1      | You pass through the gate.
    83 | D:1      | Escaped the Abyss
   249 | D:1      | Reached * piety under Lugonu
   256 | D:1      | HP: 2/13 [hobgoblin (3)]
   697 | D:1      | Found Yleubeox's General Store.
   754 | D:1      | Bought a potion of curing for 30 gold pieces
   794 | D:1      | Reached XP level 2. HP: 18/18 MP: 5/5
   982 | D:1      | You pick up a book of Misfortune and begin reading...
   982 | D:1      | You add the spells Slow, Confusing Touch and Yara's Violent
                  | Unravelling to your library.
   985 | D:1      | Learned a level 1 spell: Slow
  1341 | D:1      | You pick up a book of Flames and begin reading...
  1341 | D:1      | You add the spells Foxfire, Conjure Flame, Inner Flame and
                  | Flame Wave to your library.
  1403 | D:1      | Reached skill level 3 in Dodging
  1461 | D:1      | Learned a level 1 spell: Foxfire
  1609 | D:1      | Reached skill level 1 in Spellcasting
  1859 | D:1      | Reached skill level 1 in Hexes
  2100 | D:2      | Reached XP level 3. HP: 16/22 MP: 6/6
  2204 | D:2      | Found Niwado's Magic Scroll Shoppe.
  2506 | D:2      | Reached skill level 1 in Fire Magic
  2509 | D:2      | Reached skill level 2 in Spellcasting
  2691 | D:2      | Found Cefruips's Antique Armour Boutique.
  2697 | D:2      | You pick up a book of Minor Magic and begin reading...
  2697 | D:2      | You add the spells Magic Dart, Call Imp and Mephitic Cloud
                  | to your library.
  3134 | D:2      | Reached XP level 4. HP: 27/27 MP: 9/9
  3557 | D:1      | Bought a potion of heal wounds for 50 gold pieces
  3557 | D:1      | Bought a scroll of teleportation for 30 gold pieces
  3709 | D:3      | Reached skill level 2 in Hexes
  3709 | D:3      | Reached skill level 2 in Fire Magic
  4156 | D:3      | Reached skill level 3 in Spellcasting
  4156 | D:3      | Reached XP level 5. HP: 20/31 MP: 12/12
  4420 | D:4      | Reached ** piety under Lugonu
  4824 | D:4      | Reached skill level 3 in Fire Magic
  5080 | D:4      | You add the spells Ignite Poison and Sticky Flame to your
                  | library.
  5161 | D:4      | Reached skill level 4 in Spellcasting
  5227 | D:4      | Identified the +1 leather armour of Feasting {SInv}
  5825 | D:4      | Reached skill level 1 in Conjurations
  6418 | D:4      | Reached skill level 2 in Conjurations
  6418 | D:4      | Reached skill level 3 in Hexes
  6418 | D:4      | Reached XP level 6. HP: 19/36 MP: 14/14
  6614 | D:5      | Entered Level 5 of the Dungeon
  6631 | D:5      | Found a sacrificial altar of Ru.
  6721 | D:5      | Found a staircase to the Ecumenical Temple.
  6732 | D:5      | Found Ocvigep's Distillery.
  6896 | D:5      | Reached skill level 3 in Conjurations
  7232 | D:5      | Noticed an ice beast
  7257 | D:5      | Killed an ice beast
  7258 | D:5      | Reached skill level 4 in Hexes
  7258 | D:5      | Reached skill level 4 in Fire Magic
  7258 | D:5      | Reached XP level 7. HP: 30/40 MP: 15/15
  7346 | D:5      | You pick up a book of Displacement and begin reading...
  7346 | D:5      | You add the spells Lesser Beckoning, Gell's Gravitas and
                  | Teleport Other to your library.
  7476 | D:5      | Reached skill level 4 in Conjurations
  7476 | D:5      | Reached skill level 5 in Fire Magic
  7628 | D:5      | Found a runed translucent door.
  7629 | D:5      | Noticed Crazy Yiuf
  7705 | D:5      | Learned a level 3 spell: Conjure Flame
  7710 | D:5      | Learned a level 4 spell: Sticky Flame
  8296 | D:6      | Reached skill level 6 in Fire Magic
  8308 | D:6      | Reached skill level 4 in Dodging
  8308 | D:6      | Reached XP level 8. HP: 45/45 MP: 16/16
  8313 | D:6      | Learned a level 4 spell: Flame Wave
  8340 | D:6      | Noticed Eustachio
  8373 | D:6      | Reached skill level 5 in Conjurations
  8493 | D:6      | Killed Eustachio
  8494 | D:6      | Reached skill level 5 in Spellcasting
  8681 | D:7      | Reached skill level 5 in Dodging
  8685 | D:7      | Reached skill level 6 in Spellcasting
  8689 | D:7      | Reached skill level 7 in Fire Magic
  8779 | D:7      | Found a sand-covered staircase.
  8865 | Ossuary  | Entered an ossuary
  8876 | Ossuary  | Reached *** piety under Lugonu
  9348 | Ossuary  | Reached **** piety under Lugonu
  9373 | Ossuary  | Noticed Menkaure
  9382 | Ossuary  | Killed Menkaure
  9451 | D:7      | Identified a scroll of acquirement
  9451 | D:7      | Acquired a book of Fire
  9452 | D:7      | You pick up a book of Fire and begin reading...
  9452 | D:7      | You add the spells Fireball, Starburst and Ignition to your
                  | library.
  9459 | D:7      | Learned a level 5 spell: Fireball
  9684 | D:7      | Reached skill level 7 in Spellcasting
  9712 | D:7      | Reached XP level 9. HP: 49/49 MP: 21/21
  9957 | D:8      | Noticed a cyclops
  9971 | D:8      | Killed a cyclops
  9972 | D:8      | Reached skill level 6 in Dodging
  9972 | D:8      | Reached skill level 3 in Invocations
 10399 | D:8      | Reached skill level 4 in Invocations
 10663 | D:8      | Noticed a two-headed ogre
 10677 | D:8      | Reached skill level 6 in Conjurations
 10677 | D:8      | Reached skill level 8 in Fire Magic
 10683 | D:8      | Killed a two-headed ogre
 10684 | D:8      | Reached skill level 7 in Dodging
 10684 | D:8      | Reached skill level 5 in Invocations
 10855 | D:8      | Learned a level 3 spell: Mephitic Cloud
 10922 | D:8      | You pick up a book of Spectacle and begin reading...
 10922 | D:8      | You add the spells Dazzling Flash and Iskenderun's Mystic
                  | Blast to your library.
 11243 | D:9      | Found a staircase to the Orcish Mines.
 11376 | D:9      | Reached skill level 7 in Conjurations
 11480 | D:9      | Noticed a two-headed ogre
 11504 | D:9      | Killed a two-headed ogre
 11505 | D:9      | Reached XP level 10. HP: 54/54 MP: 16/22
 11533 | D:9      | Found a staircase to the Lair.
 11692 | D:9      | Reached skill level 8 in Dodging
 12123 | Lair:1   | Entered Level 1 of the Lair of Beasts
 12127 | Lair:1   | Noticed a cane toad
 12130 | Lair:1   | Killed a cane toad
 12131 | Lair:1   | Reached skill level 8 in Conjurations
 12131 | Lair:1   | Reached skill level 6 in Invocations
 12137 | Lair:1   | Noticed a cane toad
 12141 | Lair:1   | Banished a cane toad
 12214 | Lair:1   | Noticed an eight-headed hydra
 12216 | Lair:1   | Noticed a cane toad
 12228 | Lair:1   | Killed a cane toad
 12229 | Lair:1   | Reached skill level 9 in Conjurations
 12284 | Lair:1   | Found a dark tunnel.
 12292 | Volcano  | Entered a volcano
 12452 | Volcano  | Learned a level 4 spell: Iskenderun's Mystic Blast
 12512 | Volcano  | Reached skill level 7 in Invocations
 13065 | Volcano  | Reached skill level 10 in Conjurations
 13192 | Volcano  | Noticed a gargoyle
 13194 | Volcano  | Banished a gargoyle
 13203 | Volcano  | Noticed a gargoyle
 13213 | Volcano  | Killed a gargoyle
 13214 | Volcano  | Reached skill level 8 in Spellcasting
 13403 | Volcano  | Noticed a stone giant
 13404 | Volcano  | Noticed a gargoyle
 13408 | Volcano  | HP: 11/54 [stone giant (16)]
 13409 | Volcano  | Banished a stone giant
 13410 | Volcano  | Reached XP level 11. HP: 12/58 MP: 24/25
 13412 | Volcano  | Reached skill level 8 in Invocations
 13539 | Volcano  | Found a burning altar of Makhleb.
 13590 | Volcano  | Found a bloodstained altar of Trog.
 13759 | Lair:1   | Reached skill level 11 in Conjurations
 13907 | Lair:1   | Reached skill level 9 in Spellcasting
 14278 | Lair:2   | Noticed a boulder beetle
 14280 | Lair:2   | Banished a boulder beetle
 14295 | Lair:2   | Reached skill level 9 in Fire Magic
 14447 | Lair:2   | Killed an eight-headed hydra
 14448 | Lair:2   | Reached skill level 10 in Spellcasting
 14448 | Lair:2   | Reached skill level 10 in Fire Magic
 14626 | Lair:2   | Reached skill level 12 in Conjurations
 14772 | Lair:2   | Noticed a four-headed hydra
 14775 | Lair:2   | Killed a four-headed hydra
 14964 | Lair:2   | Reached skill level 11 in Fire Magic
 15112 | Lair:3   | Noticed Nergalle
 15112 | Lair:3   | Noticed a four-headed hydra
 15119 | Lair:3   | Reached XP level 12. HP: 54/64 MP: 15/28
 15119 | Lair:3   | Killed a four-headed hydra
 15120 | Lair:3   | Banished Nergalle
 15122 | Lair:3   | Reached skill level 12 in Fire Magic
 15253 | Lair:3   | Reached skill level 3 in Fighting
 15471 | Lair:3   | Found a runed translucent door.
 15475 | Lair:3   | Noticed Vior's ghost (journeyman MiFi)
 15515 | Lair:3   | Reached skill level 4 in Fighting
 15642 | Lair:3   | Killed Vior's ghost
 16069 | Lair:4   | Noticed Nessos
 16071 | Lair:4   | HP: 15/67 [Nessos/arrow (3)]
 16074 | Lair:4   | HP: 6/67 [Nessos/arrow (3)]
 16075 | Lair:4   | Shot with an arrow by Nessos

Vanquished Creatures
  The ghost of Vior the Peltast, a journeyman MiFi of Trog (Lair:3)
  3 hydras
  2 two-headed ogres
  A cyclops (D:8)
  A black mamba (Lair:3)
  9 cane toads
  2 rime drakes
  A gargoyle (Volcano)
  3 komodo dragons
  A hornet (Lair:3)
  4 blink frogs (Lair:2)
  Eustachio (D:6)
  A wyvern (Lair:3)
  A basilisk (Lair:1)
  7 fire bats (Volcano)
  18 yaks
  A steam dragon (Lair:2)
  Menkaure (Ossuary)
  An acid dragon (D:9)
  6 water moccasins
  2 ice beasts
  A sky beast (D:6)
  3 black bears
  3 ogres
  9 wolves
  2 centaurs
  A kobold brigand (D:9)
  10 bullfrogs
  A gnoll sergeant (D:4)
  A wyvern zombie (D:9)
  2 earth elementals (Volcano)
  A water moccasin skeleton (D:3)
  5 wights (D:7)
  6 lava snakes (Volcano)
  4 centaur zombies
  2 hounds
  2 centaur skeletons
  3 orc priests (D:8)
  2 iguanas
  4 orc wizards
  A hound skeleton (D:2)
  A howler monkey zombie (D:6)
  4 mummies
  A howler monkey skeleton (D:5)
  7 adders
  5 gnolls (D:4)
  A white imp (D:7)
  3 ufetubi
  2 worms (D:2)
  15 orcs
  5 ball pythons
  4 bats
  10 endoplasms
  8 giant cockroaches
  6 hobgoblins
  3 jackals (D:1)
  A quokka (D:1)
  3 frilled lizards
  6 gnoll skeletons (Ossuary)
  5 gnoll zombies (Ossuary)
  6 goblins
  2 goblin zombies
  5 hobgoblin skeletons (Ossuary)
  6 hobgoblin zombies (Ossuary)
  12 kobolds
  2 kobold skeletons (Ossuary)
  3 kobold zombies (Ossuary)
  6 orc skeletons (Ossuary)
  6 orc zombies
  5 rats
  6 rat skeletons (Ossuary)
  5 rat zombies (Ossuary)
  A butterfly (D:5)
285 creatures vanquished.

Vanquished Creatures (others)
  841 foxfires
  12 fungi
  11 plants
  2 withered plants (Lair:3)
866 creatures vanquished.

Grand Total: 1151 creatures vanquished

Table legend:
 A = Non-vault XP
 B = Vault XP
 C = Vault XP percentage of total XP
 D = Non-vault monster count
 E = Vault monster count
 F = Vault count percentage of total count
                 A         B        C        D         E       F
            +---------+---------+-------+---------+---------+-------
      Total |   23131 |    7136 |  23.6 |     206 |      85 |  29.2
            +---------+---------+-------+---------+---------+-------
        D:1 |      34 |       0 |   0.0 |      21 |       0 |   0.0
        D:2 |      86 |       0 |   0.0 |      24 |       0 |   0.0
        D:3 |      91 |       0 |   0.0 |      10 |       0 |   0.0
        D:4 |     201 |       0 |   0.0 |      19 |       0 |   0.0
        D:5 |     510 |      84 |  14.1 |      12 |       4 |  25.0
        D:6 |     691 |     211 |  23.4 |      11 |       1 |   8.3
        D:7 |     697 |      20 |   2.8 |      12 |       3 |  20.0
        D:8 |    1844 |       0 |   0.0 |      14 |       0 |   0.0
        D:9 |    1424 |       0 |   0.0 |      16 |       0 |   0.0
     Lair:1 |    3668 |       0 |   0.0 |      16 |       0 |   0.0
     Lair:2 |    7287 |       0 |   0.0 |      22 |       0 |   0.0
     Lair:3 |    6456 |    2100 |  24.5 |      28 |       3 |   9.7
     Lair:4 |     142 |       0 |   0.0 |       1 |       0 |   0.0
    Ossuary |       0 |     284 | 100.0 |       0 |      54 | 100.0
    Volcano |       0 |    4437 | 100.0 |       0 |      20 | 100.0
            +---------+---------+-------+---------+---------+-------

Illustrated notes

Table legend:
 A = Kills in this place as a percentage of kills in entire the game.
 B = Kills by you in this place as a percentage of kills by you in the entire game.
 C = Kills by friends in this place as a percentage of kills by friends in the entire game.
 D = Other kills in this place as a percentage of other kills in the entire game.
 E = Experience gained in this place as a percentage of experience gained in the entire game.
 F = Experience gained in this place divided by the number of levels of this place that you have seen.
                   A       B       C       D       E      F
               +-------+-------+-------+-------+-------+----------------------
         Total | 100.0 | 100.0 |   N/A | 100.0 | 100.0 | 1780.4
       Dungeon |  50.5 |  51.8 |   N/A |   0.0 |  19.5 | 654.8
          Lair |  24.1 |  23.6 |   N/A |  42.9 |  64.9 | 4913.2
       Ossuary |  18.6 |  19.0 |   N/A |   0.0 |   0.9 | 284.0
       Volcano |   6.9 |   5.6 |   N/A |  57.1 |  14.7 | 4437.0
               +-------+-------+-------+-------+-------+----------------------

Table legend: (Time is in decaauts)
 A = Elapsed time spent in this place.
 B = Non-inter-level travel time spent in this place.
 C = Inter-level travel time spent in this place.
 D = Time resting spent in this place.
 E = Time spent auto-exploring this place.
 F = Levels seen in this place.
 G = Mean time per level.
                   A        B        C        D        E       F      G
               +--------+--------+--------+--------+--------+-----+--------+
         Total |  16073 |  15145 |    928 |   2468 |   9509 |  17 |  945.5 |
       Dungeon |  11449 |  10610 |    839 |   1610 |   7210 |   9 | 1272.1 |
          Lair |   2532 |   2443 |     89 |     61 |   1904 |   4 |  633.0 |
         Abyss |     82 |     82 |      0 |      0 |     19 |   2 |   41.0 |
       Ossuary |    584 |    584 |      0 |      8 |    241 |   1 |  584.0 |
       Volcano |   1424 |   1424 |      0 |    789 |    135 |   1 | 1424.0 |
               +--------+--------+--------+--------+--------+-----+--------+

Top non-repeatable levels by time:
     D:1: 2039 daAuts
     D:3: 1928 daAuts
 Volcano: 1424 daAuts
     D:2: 1399 daAuts
     D:5: 1285 daAuts
     D:4: 1271 daAuts
     D:8: 1193 daAuts
     D:9: 1023 daAuts
  Lair:3: 941 daAuts
  Lair:2: 854 daAuts
  Lair:1: 712 daAuts
     D:7: 705 daAuts
     D:6: 601 daAuts
 Ossuary: 584 daAuts
 Abyss:2: 53 daAuts
